 Dungeon Crawl Stone Soup version 0.18-a0-1197-g8004e50 (console) character file.

151 utis the Twirler (level 5, -4/32 HPs)
             Began as a Deep Elf Gladiator on Jan 30, 2016.
             Slain by a wyvern skeleton (9 damage)
             ... on level 3 of the Dungeon.
             The game lasted 00:11:39 (4089 turns).

utis the Twirler (Deep Elf Gladiator)               Turns: 4089, Time: 00:11:40

Health: -4/32      AC:  8    Str: 12    XL:     5   Next: 10%
Magic:  7/7        EV: 10    Int: 14    God:
Gold:   118        SH:  0    Dex: 15    Spells: 0 memorised, 4 levels left

rFire  . . .     SeeInvis .     h - -1 dagger (curse)
rCold  . . .     Gourm    .     i - +0 scale mail
rNeg   . . .     Faith    .     (no shield)
rPois  .         Spirit   .     c - +1 helmet
rElec  .         Dismiss  .     (no cloak)
rCorr  .         Reflect  .     (no gloves)
SustAt .         Harm     .     (no boots)
MR     .....                    k - amulet of regeneration
Stlth  ..........               (no ring)
                                (no ring)

@: not resistant to hostile enchantments, extremely unstealthy
A: no striking features
a: no special abilities


You were on level 3 of the Dungeon.
You were not hungry.

You visited 1 branch of the dungeon, and saw 3 of its levels.

You collected 118 gold pieces.

Inventory:

Hand Weapons
 a - a +0 quarterstaff
 h - a cursed -1 dagger (weapon)
 l - a +1 dagger of venom
 r - a +1 dagger of venom
Missiles
 d - 3 throwing nets {=f}
 e - 49 stones (quivered)
 n - 16 sling bullets
Armour
 b - a +0 leather armour
 c - a +1 helmet (worn)
 i - a +0 scale mail (worn)
Jewellery
 k - an amulet of regeneration (around neck)
 p - an uncursed amulet of faith {unknown}
Scrolls
 q - a scroll of identify
Potions
 g - a potion of magic
 o - a potion of brilliance
Comestibles
 f - a bread ration
 j - a meat ration
 m - a chunk of flesh


   Skills:
 + Level 2.9 Fighting
 - Level 5.0 Staves
 - Level 2.0 Throwing
 - Level 3.6 Dodging


You had 4 spell levels left.
You didn't know any spells.

Dungeon Overview and Level Annotations

Branches:
Dungeon (3/15)

Altars:


Message History

Press: ? - help, Shift-Dir - straight line, f - wyvern skeleton
Aim: a wyvern skeleton You throw a stone.
The stone hits the wyvern skeleton but does no damage.
You hit the wyvern skeleton. The wyvern skeleton bites you!
You hit the wyvern skeleton. The wyvern skeleton bites you!
* * * LOW HITPOINT WARNING * * *
You are too injured to fight recklessly!
You are too injured to fight recklessly!
You hit the wyvern skeleton.
The wyvern skeleton completely misses you.
The wyvern skeleton closely misses you.
You hit the wyvern skeleton but do no damage.
The wyvern skeleton bites you but does no damage.
You hit the wyvern skeleton. The wyvern skeleton bites you.
* * * LOW HITPOINT WARNING * * *
You hit the wyvern skeleton. The wyvern skeleton bites you.
* * * LOW HITPOINT WARNING * * *
The wyvern skeleton bites you!
You die...

*,_,* ▓ ******,****** ▓
*,,,,,,,,,,,* ▓
**,,,,*,,,,** *******▓▓▓
**,,***,,** *,,,,*,...
**,,*,,***** ▓▓▓
*,,,,,,*▓▓ **,*,**▓*,*
▓▓.▓ *,,,,*** ▓
*,*,*▓▓.,▓▓▓▓..▓ *....▓
*,*,*▓...▓➘Ze..▓ *....*
*,*,*▓.....▓▓▓.▓ *...,*
*,,,*▓..▓▓▓▓ ▓.▓▓▓▓▓..,,*
**+**▓.,* ▓...▓▓..,,,*
*,,,,**,* ▓▓▓÷▓▓.▓**** ▓
***,*****,**** ▓.▓▓.▓ ▓▓▓
**,,,** *,,,,****▓....▓
▓▓.. **,,,,,**
**,,......▓▓▓.▓ ▓..▓
*,,,,,,,****,,......▓▓..▓
▓▓▓.▓▓


You could see a wyvern skeleton.

Vanquished Creatures
  8 adders
  2 oozes (D:2)
  3 worms
  A giant gecko (D:1)
  6 bats
  2 giant cockroaches
  9 goblins
  6 hobgoblins
  8 jackals
  A quokka (D:3)
  A ball python (D:1)
  2 giant newts
  8 kobolds
  8 rats
65 creatures vanquished.

Notes
Turn   | Place    | Note
--------------------------------------------------------------
     0 | D:1      | utis the Deep Elf Gladiator began the quest for the Orb.
     0 | D:1      | Reached XP level 1. HP: 12/12 MP: 3/3
   379 | D:1      | Reached XP level 2. HP: 9/16 MP: 4/4
  1029 | D:2      | Reached skill level 4 in Staves
  1029 | D:2      | Reached XP level 3. HP: 2/20 MP: 5/5
  1032 | D:2      | HP: 1/20 [poisoned by an adder]
  1038 | D:2      | HP: 1/20 [poisoned by an adder]
  1792 | D:2      | Reached XP level 4. HP: 15/25 MP: 6/6
  1916 | D:2      | Reached skill level 5 in Staves
  2026 | D:2      | Found a faded altar to an unknown god.
  2523 | D:2      | sigh
  3732 | D:3      | Reached XP level 5. HP: 21/31 MP: 7/7
  4089 | D:3      | Slain by a wyvern skeleton

Vault maps used:
D:1:      dpeg_arrival_rooms_c
D:2:      ecumenical_altar_1
D:3:      nicolae_tso_swordbearing_angel, kennysheep_orc_chapel, uniq_iyjb

Action                   |  1- 3 |  4- 6 || total
-------------------------+-------+-------++-------
Melee: Dagger            |   260 |   401 ||   661
       Quarterstaff      |     5 |       ||     5
Throw: Stone             |    31 |    85 ||   116
  Use: Scroll            |     3 |     5 ||     8
  Eat: Chunk             |     3 |     8 ||    11
